 Dungeon Crawl Stone Soup version 0.31-a0-538-gbc85326fa9 (webtiles) character file.

Game seed: 5588255317312472574

1838250 motkurizz the Master Archer (level 26, 177/177 HPs)
             Began as a Deep Elf Hexslinger on Aug 12, 2023.
             Was the Champion of Cheibriados.
             Escaped with the Orb
             ... and 3 runes on Aug 13, 2023!
             The game lasted 04:10:20 (57286 turns).

motkurizz the Master Archer (Deep Elf Hexslinger)  Turns: 57286, Time: 04:10:21

Health: 177/177    AC: 38    Str: 20    XL:     26   Next: 36%
Magic:  42/42      EV: 56    Int: 43    God:    Cheibriados [******]
Gold:   7227       SH:  0    Dex: 42    Spells: 17/45 levels left

rFire   + + +        b - +6 triple crossbow (freeze)
rCold   + . .        (shield currently unavailable)
rNeg    . . .        H - +7 fire dragon scales
rPois   .            T - +0 mask of the Dragon {Will+ Slay+3 SInv}
rElec   +            U - +4 dragonskin cloak
rCorr   +            L - +2 pair of gloves
SInv    +            M - +3 pair of mountain boots {steadfast, rC+}
Will    ++++.        P - amulet "Apomea" {Will++ Regen+ Int+5 Dex-2}
Stlth   ++           S - ring of Filalun {rElec rC+ EV+5 Str+2 Dex-2}
HPRegen 1.29/turn    w - ring "Apuh Ena" {rElec Will- rCorr EV+5 Dex+4}
MPRegen 0.28/turn

%: clarity
@: studying 2 skills, very slow
A: iridescent scales 1, thin skeletal structure 1, clarity, fire resistance 1,
high MP 1, weak 1, no potion heal 1, inability to drink after injury 2,
inability to read after injury 1
0: Orb of Zot
}: 3/15 runes: barnacled, silver, gossamer
a: Renounce Religion, Bend Time, Temporal Distortion, Slouch, Step From Time


You escaped.
You worshipped Cheibriados.
Cheibriados was exalted by your worship.
You visited 10 branches of the dungeon, and saw 48 of its levels.
You visited 2 bazaars.
You also visited: Trove, Bailey, Gauntlet and Ice Cave.

You collected 11488 gold pieces.
You spent 4261 gold pieces at shops.

Inventory:

Hand Weapons
 a - the +8 orcbow "Concordance" {drain, rElec rPois Will++}
   (You took it off a minotaur in a Gauntlet)

   rElec:     It insulates you from electricity.
   rPois:     It protects you from poison Will++: It greatly increases your
   willpower.
 b - a +6 triple crossbow of freezing (weapon)
 p - the +6 arbalest "Damnation" {damnation}
   (You found it in a treasure trove)
Armour
 g - the +3 crown of Dyrovepreva {rElec Int+2 SInv}
   (You found it on level 7 of the Dungeon)

   Int+2:     It affects your intelligence (+2).
   rElec:     It insulates you from electricity.
   SInv:      It lets you see invisible.
 H - +7 fire dragon scales (worn)
 I - the +4 pair of boots of the Three Xeniums {Dex+3}
   (You found it on level 3 of the Elven Halls)

   Dex+3:     It affects your dexterity (+3).
 L - a +2 pair of gloves (worn)
 M - the +3 pair of mountain boots (worn) {steadfast, rC+}
   (You bought it in a shop on level 1 of the Shoals)

   Steadfast: It prevents involuntary movement, except for blinking,
   teleportation, or banishment.
   rC+:       It protects you from cold.
 T - the +0 mask of the Dragon (worn) {Will+ Slay+3 SInv}
   (You found it in an ice cave)

   Slay+3:    It affects your accuracy & damage with ranged weapons and melee
   (+3).
   Will+:     It increases your willpower.
   SInv:      It lets you see invisible.
 U - the +4 dragonskin cloak (worn)
   (You took it off Tiamat on level 1 of the Realm of Zot)

   Avatar's Aegis: It grants the wearer a chance to resist fire, cold, poison,
   electricity, acid, and negative energy.
Jewellery
 h - the ring of Rilapnik {+Blink rF+ Str+6}
   (You acquired it on level 15 of the Dungeon)

   [ring of strength]

   Str+6:     It affects your strength (+6).
   rF+:       It protects you from fire.
   +Blink:    It lets you blink.
 n - the ring of Acsomp {rC+ Will+ Stlth+}
   (You found it on level 4 of the Shoals)

   [ring of protection from cold]

   rC+:       It protects you from cold.
   Will+:     It increases your willpower.
   Stlth+:    It makes you more stealthy.
 w - the ring "Apuh Ena" (right hand) {rElec Will- rCorr EV+5 Dex+4}
   (You took it off a fire giant on level 4 of the Vaults)

   [ring of evasion]

   EV+5:      It affects your evasion (+5).
   Dex+4:     It affects your dexterity (+4).
   rElec:     It insulates you from electricity.
   Will-:     It decreases your willpower.
   rCorr:     It protects you from acid and corrosion.
 C - the ring of Xeokku {rElec Str+2 Slay+4}
   (You found it on level 3 of the Elven Halls)

   [ring of slaying]

   Str+2:     It affects your strength (+2).
   Slay+4:    It affects your accuracy & damage with ranged weapons and melee
   (+4).
   rElec:     It insulates you from electricity.
 N - the ring of the Solstice {Ice rPois rN+}
   (You acquired it on level 1 of the Orcish Mines)

   [ring of ice]

   Ice:       It enhances your ice magic.
   rF-:       It makes you vulnerable to fire.
   rC+:       It protects you from cold.
   rPois:     It protects you from poison rN+: It protects you from negative
   energy.
 P - the amulet "Apomea" (around neck) {Will++ Regen+ Int+5 Dex-2}
   (You found it on level 15 of the Dungeon)

   [amulet of regeneration]

   Int+5:     It affects your intelligence (+5).
   Dex-2:     It affects your dexterity (-2).
   Will++:    It greatly increases your willpower.
   Regen+:    It increases your rate of health regeneration.
 S - the ring of Filalun (left hand) {rElec rC+ EV+5 Str+2 Dex-2}
   (You took it off a vault warden on level 4 of the Vaults)

   [ring of evasion]

   EV+5:      It affects your evasion (+5).
   Str+2:     It affects your strength (+2).
   Dex-2:     It affects your dexterity (-2).
   rC+:       It protects you from cold.
   rElec:     It insulates you from electricity.
 Z - the amulet "Buha Pidam" {rC+ Regen+ MP+9 Dex+3}
   (You took it off a minotaur in a Gauntlet)

   [amulet of regeneration]

   Dex+3:     It affects your dexterity (+3).
   rC+:       It protects you from cold.
   MP+9:      It affects your magic capacity (+9).
   Regen+:    It increases your rate of health regeneration.
Wands
 l - a wand of acid (19)
 r - a wand of flame (72)
 x - a wand of charming (37)
 B - a wand of mindburst (6)
 O - a wand of digging (12)
 R - a wand of iceblast (50)
Scrolls
 j - 3 scrolls of brand weapon
 k - 7 scrolls of poison
 m - 11 scrolls of fear
 q - 21 scrolls of teleportation
 z - 3 scrolls of summoning
 A - 10 scrolls of noise
 D - 3 scrolls of silence
 E - 28 scrolls of identify
 G - 7 scrolls of blinking
 J - 5 scrolls of fog
 Q - 4 scrolls of immolation
Potions
 c - 4 potions of brilliance
 d - 3 potions of magic
 e - 4 potions of mutation
 i - 6 potions of heal wounds
 o - 18 potions of curing
 t - 2 potions of might
 u - 15 potions of attraction
 v - 3 potions of enlightenment
 F - 15 potions of ambrosia
 K - 6 potions of resistance
 V - 2 potions of cancellation
Miscellaneous
 s - a phial of floods
 W - a condenser vane (inert)
 X - a lightning rod (4/4)
 Y - a sack of spiders


   Skills:
 + Level 21.3 Fighting
 O Level 27 Ranged Weapons
 + Level 19.3 Armour
 O Level 27 Dodging
 - Level 8.0 Stealth
 - Level 10.0 Spellcasting
 - Level 15.0 Hexes
 - Level 2.0 Translocations
 - Level 1.0 Fire Magic
 - Level 2.0 Ice Magic
 - Level 10.0 Invocations
 - Level 8.0 Evocations


You had 17 spell levels left.
You knew the following spells:

 Your Spells              Type           Power      Damage    Failure   Level
a - Ozocubu's Armour      Ice            38%        N/A       4%          3
b - Inner Flame           Hex/Fire       74%        N/A       1%          3
c - Blink                 Tloc           76%        N/A       1%          2
d - Slow                  Hex            100%       N/A       0%          1
e - Enfeeble              Hex            50%        N/A       5%          7
f - Cause Fear            Hex            50%        N/A       1%          4
p - Portal Projectile     Hex/Tloc       100%       N/A       1%          3
s - Silence               Hex/Air        36%        N/A       3%          5

Your spell library contained the following spells:

 Spells                   Type           Power      Damage    Failure   Level
 Lesser Beckoning         Tloc           76%        N/A       1%          2
 Dazzling Flash           Conj/Hex       100%       N/A       1%          3
 Summon Guardian Golem    Hex/Summ       72%        N/A       1%          3
 Tukima's Dance           Hex            100%       N/A       1%          3
 Anguish                  Hex/Necr       36%        N/A       1%          4
 Fulminant Prism          Conj/Hex       36%        3d18      1%          4
 Foxfire                  Conj/Fire      100%       2x1d9     2%          1
 Metabolic Englaciation   Hex/Ice        38%        N/A       2%          5
 Magic Dart               Conj           84%        1d7       3%          1
 Necrotise                Necr           84%        1d8       3%          1
 Summon Small Mammal      Summ           84%        N/A       3%          1
 Momentum Strike          Conj/Tloc      60%        3d9       3%          2
 Scorch                   Fire           60%        2d7       3%          2
 Summon Mana Viper        Hex/Summ       72%        N/A       3%          5
 Yara's Violent Unravell  Hex/Tmut       36%        3d15      3%          5
 Call Imp                 Summ           42%        N/A       4%          2
 Cigotuvi's Dreadful Rot  Necr/Pois/Air  42%        N/A       4%          2
 Searing Ray              Conj           42%        2d6       4%          2
 Sublimation of Blood     Necr           21%        N/A       4%          2
 Wereblood                Tmut           21%        N/A       4%          2
 Frozen Ramparts          Ice            76%        1d12      4%          3
 Volatile Blastmotes      Fire/Tloc      68%        2d15      4%          3
 Hailstorm                Conj/Ice       30%        3d8       6%          3
 Vhi's Electric Charge    Tloc/Air       60%        N/A       6%          3
 Call Canine Familiar     Summ           21%        N/A       9%          3
 Ignite Poison            Fire/Tmut/Pois 24%        N/A       9%          3
 Mephitic Cloud           Conj/Pois/Air  21%        N/A       9%          3
 Passage of Golubria      Tloc           38%        N/A       13%         4
 Iskenderun's Mystic Bla  Conj/Tloc      30%        2d8       21%         4
 Summon Ice Beast         Ice/Summ       30%        N/A       21%         4
 Flame Wave               Conj/Fire      25%        2d8       24%         4
 Airstrike                Air            10%        2d(2-18)  30%         4
 Animate Armour           Summ/Erth      42%        N/A       30%         4
 Petrify                  Tmut/Erth      21%        N/A       30%         4
 Summon Lightning Spire   Summ/Air       21%        N/A       30%         4
 Discord                  Hex            50%        N/A       38%         8
 Summon Forest            Summ/Tloc      15%        N/A       50%         5
 Freezing Cloud           Conj/Ice/Air   13%        6-21      54%         5
 Agony                    Necr           21%        N/A       63%         5
 Irradiate                Conj/Tmut      10%        3d15      63%         5
 Lee's Rapid Deconstruct  Erth           10%        3d8*      63%         5
 Simulacrum               Ice/Necr       15%        N/A       97%         6
 Plasma Beam              Fire/Air       12%        2x1d23    98%         6
 Starburst                Conj/Fire      12%        6d5       98%         6
 Conjure Ball Lightning   Conj/Air       10%        3x3d6     99%         6
 Eringya's Noxious Bog    Tmut/Pois      10%        4d6       99%         6
 Summon Cactus Giant      Summ           10%        N/A       99%         6
 Haunt                    Necr/Summ      10%        N/A       100%        7
 Malign Gateway           Summ/Tloc      15%        N/A       100%        7
 Orb of Destruction       Conj           10%        9d6       100%        7
 Ozocubu's Refrigeration  Ice            19%        4d11      100%        7
 Spellforged Servitor     Conj/Summ      10%        N/A       100%        7
 Summon Hydra             Summ           10%        N/A       100%        7
 Disjunction              Tloc           19%        N/A       100%        8
 Ignition                 Fire           15%        3d6       100%        8
 Lehudib's Crystal Spear  Conj/Erth      10%        10d4      100%        8
 Polar Vortex             Ice            19%        12d2*     100%        9


Dungeon Overview and Level Annotations

Branches:
Dungeon (15/15)            Temple (1/1) D:6            Lair (5/5) D:8
 Shoals (4/4) Lair:2       Spider (4/4) Lair:2        Slime (0/5) Lair:5
    Orc (2/2) D:9             Elf (3/3) Orc:2        Vaults (5/5) D:13
  Crypt (0/3) Vaults:3     Depths (4/4) D:15            Zot (5/5) Depths:4
 Bailey (visited)           IceCv (visited)         Gauntlet (visited)

Altars:
Ashenzari
Cheibriados
Dithmenos
Elyvilon
Fedhas
Gozag
Hepliaklqana
Kikubaaqudgha
Makhleb
Nemelex Xobeh
Okawaru
Qazlal
Ru
Sif Muna
Trog
Uskayaw
Vehumet
Wu Jian
Xom
Yredelemnul
Zin
The Shining One
Jiyva
Lugonu

Shops:
D:4 ?   Orc:1 *   Orc:2 ?*((*   Shoals:1 *   Vaults:4 *   Depths:3 *

Portals:
Hell: Depths:1 Depths:2 Depths:3 Depths:4
Abyss: Depths:2 Depths:3
Pandemonium: Depths:2
Ziggurat: Depths:3

Annotations:
D:4 2 runed translucent doors, exclusion: downstairs, NigelTetley's ghost, amateur DjFE
D:6 1 runed translucent door
D:7 exclusion: downstairs
D:9 exclusion: downstairs
D:15 Roxanne
Lair:3 exclusions: 2 downstairs and upstairs
Spider:2 exclusion: downstairs
Elf:2 1 runed translucent door
Depths:1 exclusion: orange crystal statue
Depths:3 2 transporters


Innate Abilities, Weirdness & Mutations

You are partially covered in iridescent scales. (AC +2)
You have a somewhat thin skeletal structure. (Dex +2, Stealth+)
You possess an exceptional clarity of mind.
Your flesh is heat resistant. (rF+)
You have an increased reservoir of magic. (+10% MP)
You are weak. (Str -2)
Potions are less effective at restoring your health.
You sometimes lose the ability to drink potions when taking damage.
You occasionally lose the ability to read scrolls when taking damage.


Message History

You kill the orange demon!
Cheibriados thoroughly appreciates the change of pace.
No target in view!
You feel extremely strange.
You no longer feel a malignance within.
You feel stable.
Your iridescent scales disappear.
Your system partially rejects the healing effects of potions.
You occasionally lose the ability to read scrolls when taking damage.
Iridescent scales grow over part of your body.
Unknown command.
Okay, then.
You feel extremely strange.
You shed all your fur.
You no longer feel strong-willed.
Your thoughts seem clearer.
You lose the ability to drink potions when taking damage more often.
Your bones become slightly less dense.
Unknown command.
No target in view!
What level of the Dungeon? (default 1, ? - help)
There is an open door here.
You're standing in a cloud of poison gas!
The sixfirhy completely misses you.
You shoot a bolt. The bolt hits the sixfirhy.
The bolt freezes the sixfirhy.
The sixfirhy is lightly wounded.
The sixfirhy completely misses you. x3; The sixfirhy misses you.
The sixfirhy completely misses you.
You shoot a bolt.
The bolt completely misses the sixfirhy.
The sixfirhy completely misses you. The sixfirhy barely misses you.
You shoot a bolt. The bolt barely misses the sixfirhy.
You shoot a bolt. The bolt hits the sixfirhy!!!
The bolt freezes the sixfirhy!!
You kill the sixfirhy!
Cheibriados thoroughly appreciates the change of pace.
No target in view!
What level of the Dungeon? (default 1, ? - help)
There is a stone staircase leading up here.
You climb upwards.
There is a stone staircase leading down here.
There is a staircase leading out of the dungeon here.
You have escaped!

#.# #.# #.# ###### #.#
####....# ##.####
#.....#.## ## ......##
####.8......## #. ##.##..#
#≈≈≈.........## #. ##.###.#
#≈≈≈≈.........# #. .#.#
#.## #§§≈≈.@8..8...# #.
...###..###§≈≈≈.........#
#.
.........##≈§≈.......##.#
#.
...####..#####.8....###.#
#. ...#
#..#####.....###..########.
...#
##.......................'.
...#
#######.#################.
...# ###### #.# ## ...#
#....# #.#


There were no monsters in sight!

Vanquished Creatures
  Tiamat (Zot:1)
  5 dread liches
  3 ancient liches
  8 orbs of fire
  A juggernaut (Depths:3)
  Vv (Zot:3)
  Margery (Vaults:2)
  4 caustic shrikes (Depths:4)
  2 Killer Klowns (Zot:5)
  4 curse toes
  11 golden dragons
  A pandemonium lord (D:10)
  the Enchantress (Depths:4)
  An Ice Fiend (D:6)
  4 electric golems
  21 tentacled monstrosities
  27 Orb Guardians
  Zenata (Elf:2)
  4 titans
  3 deep elf blademasters
  4 liches
  2 deep elf master archers (Elf:3)
  An Executioner (Depths:4)
  A kraken (Shoals:3)
  Polyphemus (Shoals:4)
  9 quicksilver dragons
  The ghost of WhatIsLove the Slayer, an adept HOMo of Beogh (Elf:2)
  12 death cobs
  4 sphinxes
  12 shadow dragons
  Gastronok (Lair:3)
  8 tengu reavers
  A daeva (Depths:3)
  15 storm dragons
  Donald (Spider:1)
  2 draconian monks
  8 fire giants
  2 draconian scorchers (Depths:4)
  4 deep elf sorcerers (Elf:3)
  15 frost giants
  4 balrugs
  21 vault wardens
  5 emperor scorpions
  5 draconian knights
  3 draconian shifters
  8 ghost moths
  15 ironbound preservers
  3 deep elf elementalists
  3 iron dragons
  A cacodemon (D:2)
  3 draconian annihilators
  2 angels (Depths:3)
  5 spriggan defenders
  2 orc warlords (Orc:2)
  2 formless jellyfish
  A draconian stormcaller (Zot:5)
  20 very ugly things
  2 reapers (Depths:3)
  4 broodmothers
  6 war gargoyles
  The ghost of Gruesome the Convoker, a journeyman MfSu of Gozag (D:12)
  2 vampire knights
  5 ironbound thunderhulks
  22 stone giants
  The ghost of Zigemok the Imperceptible, a journeyman SpEn of Dithmenos (Shoals:1)
  15 white draconians
  3 deep elf demonologists (Elf:3)
  18 dire elephants
  4 yellow draconians
  6 black draconians
  7 green draconians
  7 deep elf annihilators
  8 red draconians
  15 spark wasps
  6 purple draconians
  A minotaur (Gauntlet)
  13 deep elf death magi
  19 ettins
  Josephine (D:11)
  2 crystal guardians
  8 merfolk impalers
  7 merfolk javelineers
  10 fire dragons
  6 entropy weavers
  12 yaktaur captains
  6 deep elf high priests
  8 great orbs of eyes
  6 peacekeepers
  28 vault guards
  4 hydras
  2 ogre magi
  6 rakshasas
  2 jorogumos
  10 ironbound frosthearts
  8 spriggan air magi
  2 catoblepae
  4 merfolk avatars
  3 radroaches
  13 ice dragons
  3 merfolk aquamancers
  6 boulder beetles
  17 centaur warriors
  An anaconda (shapeshifter) (Vaults:2)
  23 dancing weapons
  A satyr (Shoals:3)
  4 hell hogs (Depths:3)
  13 deep troll shamans
  5 demonic crawlers
  2 death scarabs (Gauntlet)
  8 two-headed ogres
  9 death yaks
  10 deep troll earth magi
  9 spriggan berserkers
  2 vampire magi
  3 orc high priests (Orc:2)
  4 tengu warriors
  2 soul eaters (Depths:3)
  4 sun demons
  36 hell knights
  15 deep elf knights
  A fire crab (shapeshifter) (Depths:4)
  2 skysharks
  A sixfirhy (D:2)
  9 iron trolls
  3 skeletal warriors (D:15)
  9 pharaoh ants
  A goliath frog (shapeshifter) (Vaults:5)
  2 spectral death yaks (Gauntlet)
  11 sea snakes
  5 glowing orange brains
  45 deep trolls
  27 slime creatures
  A flayed ghost (Depths:2)
  11 orb spiders
  A spectral hydra (Gauntlet)
  A swamp dragon (Lair:5)
  16 deep elf archers
  5 wizards
  3 steelbarb worms
  2 obsidian statues
  12 lindwurms
  A wolf spider (shapeshifter) (Vaults:5)
  13 ironbound convokers
  7 orc knights
  13 harpies
  An orange crystal statue (IceCv)
  6 phantasmal warriors
  10 necromancers
  20 deep elf pyromancers
  25 wolf spiders
  4 fauns (Shoals:3)
  24 cyclopes
  22 deep elf zephyrmancers
  2 fauns (shapeshifter)
  9 orc sorcerers
  An oklob plant (Gauntlet)
  26 ugly things
  22 manticores
  22 moths of wrath
  A toenail golem (Zot:5)
  An ice statue (D:15)
  9 elephants
  Joseph (D:7)
  A rust devil (D:10)
  23 vault sentinels
  A black mamba (shapeshifter) (D:14)
  5 merfolk sirens
  8 torpor snails
  8 black mambas
  2 smoke demons
  A titan simulacrum (Vaults:5)
  2 orange demons (D:2)
  8 water nymphs
  An unseen horror (D:12)
  35 yaktaurs
  10 cane toads
  18 rime drakes
  An efreet (D:14)
  2 freezing wraiths (Vaults:5)
  A yaktaur skeleton (Vaults:5)
  A human zombie (Vaults:5)
  5 tengu conjurers
  8 komodo dragons
  4 ice devils
  6 trolls
  A polar bear (shapeshifter) (Depths:4)
  23 polar bears
  A tarantella (shapeshifter) (Vaults:5)
  13 meliai
  39 merfolk
  A queen bee (D:12)
  7 hornets
  27 tarantellas
  17 blink frogs
  A stone giant simulacrum (Vaults:5)
  10 wind drakes
  6 snapping turtles
  10 dream sheep
  29 jumping spiders
  7 centaur simulacra (D:12)
  Sigmund (D:3)
  22 culicivoras
  7 spriggans
  32 yaks
  3 vampires
  7 wraiths
  7 water elementals
  4 wyverns
  A shadow (D:9)
  A large abomination (Depths:4)
  2 fire elementals
  51 redbacks
  9 vampire mosquitoes
  6 basilisks
  8 wargs
  4 steam dragons
  2 swamp worms (Gauntlet)
  A swamp worm (shapeshifter) (Vaults:2)
  5 acid dragons
  13 water moccasins
  A floating eye (shapeshifter) (Vaults:5)
  An ice beast (D:5)
  51 orc warriors
  2 sky beasts
  2 black bears
  11 ogres
  9 boggarts (Vaults:1)
  A wolf (Orc:1)
  8 centaurs
  6 kobold brigands
  Blork the orc (D:6)
  17 bullfrogs
  6 earth elementals
  2 scorpions
  7 gnoll sergeants
  15 wights
  A killer bee (shapeshifter) (Vaults:5)
  26 killer bees
  8 electric eels
  9 howler monkeys
  9 hounds
  16 orc priests
  A sleepcap (D:5)
  11 iguanas
  20 orc wizards
  A boggart simulacrum (D:12)
  21 gnolls
  7 adders
  An ufetubus (D:4)
  A worm (D:2)
  3 dart slugs
  104 orcs
  6 ball pythons
  A bat (shapeshifter) (Vaults:5)
  3 bats
  4 endoplasms
  A giant cockroach (D:2)
  8 goblins
  10 hobgoblins
  4 jackals (D:4)
  2 quokkas (D:3)
  2 frilled lizards
  A jackal zombie (D:6)
  14 kobolds
  A kobold zombie (D:6)
  5 rats
  3 tentacles (Shoals:3)
2182 creatures vanquished.

Vanquished Creatures (collateral kills)
  A wolf spider (Spider:4)
  A kobold demonologist (D:10)
  A wind drake (Shoals:4)
  A jumping spider (Spider:4)
  A culicivora (Spider:4)
  A water moccasin (Lair:1)
6 creatures vanquished.

Vanquished Creatures (others)
  A draconian knight (Depths:4)
  An orc priest (Orc:2)
  3 tentacles (Shoals:3)
5 creatures vanquished.

Grand Total: 2193 creatures vanquished

Notes
Turn   | Place    | Note
-------+----------+-------------------------------------------
     0 | D:1      | motkurizz the Deep Elf Hexslinger began the quest for the
                  | Orb.
     0 | D:1      | Reached XP level 1. HP: 11/11 MP: 5/5
   127 | D:1      | Found a faded altar of an unknown god.
   274 | D:1      | You fall into a shaft and drop 1 floor!
   288 | D:1      | Reached XP level 2. HP: 16/16 MP: 6/6
   844 | D:2      | Reached XP level 3. HP: 19/20 MP: 2/7
   927 | D:2      | Reached skill level 1 in Fighting
   930 | D:2      | Reached skill level 5 in Ranged Weapons
  1270 | D:2      | Identified the +1 hat "Ebyc" {rElec rF+ Will+ Stlth+}
  1674 | D:2      | Reached XP level 4. HP: 25/25 MP: 6/8
  2009 | D:3      | Found a shimmering blue altar of Sif Muna.
  2049 | D:3      | Found an iron altar of Okawaru.
  2170 | D:3      | Reached skill level 1 in Stealth
  2654 | D:3      | Noticed Sigmund
  2723 | D:3      | Reached XP level 5. HP: 29/29 MP: 10/10
  2892 | D:3      | Reached skill level 5 in Hexes
  3173 | D:4      | Got Esua's Annotations on the Reformed Sun
  3433 | D:4      | Reached XP level 6. HP: 31/34 MP: 9/11
  3617 | D:4      | Learned a level 4 spell: Cause Fear
  4121 | D:4      | Found Zesem's Magic Scroll Shop.
  4201 | D:4      | Found a large runed translucent door.
  4201 | D:4      | Found a large runed translucent door.
  4203 | D:4      | Noticed NigelTetley's ghost (amateur DjFE)
  4240 | D:4      | Bought a scroll of fear for 44 gold pieces
  4240 | D:4      | Bought a scroll of teleportation for 33 gold pieces
  4322 | D:5      | Entered Level 5 of the Dungeon
  4517 | D:5      | Found a transporter.
  4566 | D:5      | Found a transporter.
  4863 | D:4      | Learned a level 3 spell: Inner Flame
  4970 | D:5      | Reached XP level 7. HP: 29/38 MP: 9/13
  5211 | D:4      | Reached skill level 1 in Fire Magic
  5657 | D:5      | Found a bloodstained altar of Trog.
  5714 | D:5      | Reached XP level 8. HP: 45/45 MP: 7/14
  5783 | D:5      | Reached skill level 5 in Dodging
  6123 | D:6      | Found a runed translucent door.
  6239 | D:3      | Killed Sigmund
  6463 | D:6      | Noticed Blork the orc
  6513 | D:5      | Reached skill level 10 in Ranged Weapons
  6704 | D:6      | Killed Blork the orc
  6830 | D:5      | Reached XP level 9. HP: 52/52 MP: 15/15
  6850 | D:6      | Found a basalt altar of Yredelemnul.
  6897 | D:6      | Found a staircase to the Ecumenical Temple.
  6966 | Temple   | Entered the Ecumenical Temple
  6987 | Temple   | Became a worshipper of Cheibriados the Contemplative
  7892 | D:7      | Noticed Joseph
  7900 | D:7      | Killed Joseph
  7900 | D:7      | Reached * piety under Cheibriados
  8028 | D:7      | Reached skill level 5 in Fighting
  8057 | D:7      | Found a flagged portal.
  8066 | Bailey   | Entered a bailey
  8099 | Bailey   | Reached ** piety under Cheibriados
  8258 | Bailey   | Reached XP level 10. HP: 53/59 MP: 12/16
  8287 | Bailey   | Reached skill level 5 in Stealth
  8512 | D:7      | Found the +3 crown of Dyrovepreva {rElec Int+2 SInv}
  9426 | D:8      | Reached *** piety under Cheibriados
  9551 | D:8      | Found a staircase to the Lair.
  9715 | D:8      | Noticed a two-headed ogre
  9720 | D:8      | Killed a two-headed ogre
 10343 | Lair:1   | Entered Level 1 of the Lair of Beasts
 10372 | Lair:1   | Noticed a black mamba
 10377 | Lair:1   | Killed a black mamba
 10504 | Lair:1   | Noticed a black mamba
 10506 | Lair:1   | Reached XP level 11. HP: 66/66 MP: 11/17
 10509 | Lair:1   | Reached **** piety under Cheibriados
 10526 | Lair:1   | Reached skill level 15 in Ranged Weapons
 10637 | Lair:1   | Noticed a death yak
 10678 | Lair:2   | Reached skill level 10 in Dodging
 10923 | Lair:1   | Found the +9 scales of the Dragon King {rPois rF+ rC+
                  | Will+}
 11015 | Lair:1   | Noticed a death yak
 11067 | Lair:2   | Reached skill level 1 in Invocations
 11402 | Lair:3   | Noticed Gastronok
 11412 | Lair:3   | Killed Gastronok
 11853 | Lair:3   | Reached ***** piety under Cheibriados
 11854 | Lair:3   | Reached XP level 12. HP: 64/72 MP: 14/18
 11859 | Lair:3   | Reached skill level 5 in Invocations
 12303 | Lair:4   | Noticed a seven-headed hydra
 12740 | Lair:2   | Found a hole to the Spider Nest.
 13039 | Lair:2   | Found a staircase to the Shoals.
 13624 | Lair:1   | Noticed a death yak
 13624 | Lair:1   | Noticed a death yak
 13635 | Lair:1   | Noticed a death yak
 13644 | Lair:1   | Killed a death yak
 13648 | Lair:1   | Killed a death yak
 13656 | Lair:1   | Killed a death yak
 13660 | Lair:1   | Killed a death yak
 13671 | Lair:1   | Killed a death yak
 14013 | Lair:3   | Reached XP level 13. HP: 72/80 MP: 20/20
 14069 | Lair:4   | Learned a level 2 spell: Blink
 14073 | Lair:4   | Learned a level 3 spell: Ozocubu's Armour
 14424 | Lair:4   | Reached skill level 1 in Translocations
 14424 | Lair:4   | Reached skill level 1 in Ice Magic
 15081 | Lair:5   | Entered Level 5 of the Lair of Beasts
 15287 | Lair:5   | Reached ****** piety under Cheibriados
 15288 | Lair:5   | Reached skill level 10 in Fighting
 15365 | Lair:5   | Identified the +5 falchion "Tuagro" {vamp, Fly}
 15378 | Lair:5   | Found a staircase to the Slime Pits.
 15806 | Lair:5   | Noticed a fire dragon
 15908 | Lair:5   | Killed a fire dragon
 16604 | D:9      | Found a staircase to the Orcish Mines.
 16607 | D:9      | Reached skill level 1 in Armour
 17014 | D:9      | Found a stormy altar of Qazlal.
 17293 | Orc:1    | Entered Level 1 of the Orcish Mines
 17572 | Orc:1    | Reached skill level 15 in Dodging
 17577 | Orc:1    | Noticed an ettin
 17586 | Orc:1    | Noticed an ettin
 17613 | Orc:1    | Reached XP level 14. HP: 51/86 MP: 17/21
 18191 | Orc:1    | Noticed a stone giant
 18222 | Orc:1    | Identified a scroll of acquirement
 18223 | Orc:1    | Acquired the ring of the Solstice {Ice rPois rN+}
 18284 | D:10     | Entered Level 10 of the Dungeon
 18365 | D:10     | Found a portal to a secret trove of treasure.
 18495 | D:10     | Reached skill level 5 in Armour
 18671 | D:10     | Found an opulent altar of Gozag.
 18889 | D:11     | Noticed Josephine
 18896 | D:11     | Killed Josephine
 19747 | D:12     | Found a gate leading to a gauntlet.
 19757 | Gauntlet | Entered a Gauntlet
 19757 | Gauntlet | Found a transporter.
 19757 | Gauntlet | Found a transporter.
 19761 | Gauntlet | Found a transporter.
 19764 | Gauntlet | Found a transporter.
 19786 | Gauntlet | Found a transporter.
 19789 | Gauntlet | Found a transporter.
 19841 | Gauntlet | Found a transporter.
 19841 | Gauntlet | Found a transporter.
 19861 | Gauntlet | Found a transporter.
 19887 | Gauntlet | Found a transporter.
 19887 | Gauntlet | Identified the +8 orcbow "Concordance" {drain, rElec rPois
                  | Will++}
 19887 | Gauntlet | Identified the amulet "Buha Pidam" {rC+ Regen+ MP+9 Dex+3}
 19897 | Gauntlet | Found a transporter.
 19925 | Gauntlet | Found a transporter.
 19942 | Gauntlet | Found a transporter.
 19947 | Gauntlet | Found a transporter.
 20989 | D:12     | Found a runed translucent gate.
 20989 | D:12     | Found a runed translucent gate.
 20989 | D:12     | Found a runed translucent gate.
 21062 | D:12     | Reached skill level 1 in Evocations
 21132 | D:12     | Noticed Gruesome's ghost (journeyman MfSu)
 21189 | D:12     | Killed Gruesome's ghost
 21451 | D:13     | Found a gate to the Vaults.
 21471 | D:13     | Reached XP level 15. HP: 95/95 MP: 22/22
 22395 | D:15     | Entered Level 15 of the Dungeon
 22466 | D:15     | Found a flickering gateway to a bazaar.
 22472 | Bazaar   | Entered a bazaar
 22472 | Bazaar   | Found Vusovec's Antique Weapon Shoppe.
 22472 | Bazaar   | Found Ufaany's Jewellery Boutique.
 22472 | Bazaar   | Found Ublegip's General Store.
 22472 | Bazaar   | Found Jimipp's Distillery.
 22474 | Bazaar   | Found Oroul's Antique Armour Emporium.
 22474 | Bazaar   | Found Izen's General Store.
 22500 | Bazaar   | Bought an embroidered cloak for 165 gold pieces
 22519 | Bazaar   | Bought a phial of floods for 480 gold pieces
 22553 | Bazaar   | Acquired 939 gold pieces
 22565 | Bazaar   | Bought a scroll of revelation for 60 gold pieces
 22664 | D:15     | Identified the amulet "Apomea" {Will++ Regen+ Int+5 Dex-2}
 22671 | D:15     | Identified the +3 sling of Ru's Righteous Fury {freeze, rN+
                  | Str-4 Int+5}
 22779 | D:15     | Noticed Roxanne
 22879 | D:15     | Acquired the ring of Rilapnik {+Blink rF+ Str+6}
 22947 | D:15     | Found a staircase to the Depths.
 23667 | Spider:1 | Entered Level 1 of the Spider Nest
 23947 | Orc:1    | Found Esoylizxao's General Store.
 23952 | Orc:1    | Bought a scroll of enchant armour for 97 gold pieces
 23952 | Orc:1    | Bought a potion of invisibility for 104 gold pieces
 24233 | Orc:1    | Identified the +4 spear "Zadegey" {flame, rElec rF+}
 24305 | Orc:2    | Entered Level 2 of the Orcish Mines
 24672 | Orc:2    | Found Umomid's General Store.
 24688 | Orc:2    | Bought a scroll of fog for 56 gold pieces
 24688 | Orc:2    | Bought a potion of resistance for 140 gold pieces
 24721 | Orc:2    | Found a staircase to the Elven Halls.
 24814 | Orc:2    | Found Liwnabock's Weapon Shoppe.
 24997 | Orc:2    | Found Unehuuru's Antique Weapon Shop.
 25006 | Orc:2    | Found Hom Kyg's General Store.
 25008 | Orc:2    | Found Mochejya's Magic Scroll Shoppe.
 25014 | Orc:2    | Bought a wand of acid (5) for 273 gold pieces
 25014 | Orc:2    | Bought 2 potions of heal wounds for 130 gold pieces
 25017 | Orc:2    | Bought a scroll of teleportation for 36 gold pieces
 25017 | Orc:2    | Bought a scroll of fear for 48 gold pieces
 25600 | Spider:1 | Reached XP level 16. HP: 70/103 MP: 24/24
 25805 | Spider:1 | Noticed Donald
 25817 | Spider:1 | Killed Donald
 26008 | Spider:2 | Found a frozen archway.
 26017 | IceCv    | Entered an ice cave
 26172 | IceCv    | Found the +0 mask of the Dragon {Will+ Slay+3 SInv}
 26243 | IceCv    | Reached skill level 10 in Armour
 27608 | Spider:3 | Reached XP level 17. HP: 109/109 MP: 25/25
 28226 | Spider:4 | Entered Level 4 of the Spider Nest
 28629 | Spider:4 | Upgraded the game from 0.31-a0-532-g28f74ba3e5 to
                  | 0.31-a0-538-gbc85326fa9
 29277 | Spider:4 | Got a gossamer rune of Zot
 29783 | Depths:1 | Entered Level 1 of the Depths
 30233 | Depths:1 | Found a gateway to Hell.
 30547 | Depths:1 | Identified the +2 shortbow of Silly Tortfeasance {heavy,
                  | *Corrode rF- Str+7}
 30581 | Depths:1 | Reached XP level 18. HP: 116/116 MP: 27/27
 30947 | Depths:2 | Reached skill level 10 in Invocations
 31327 | Shoals:1 | Entered Level 1 of the Shoals
 31337 | Shoals:1 | Found a runed translucent gate.
 31338 | Shoals:1 | Found a runed translucent gate.
 31339 | Shoals:1 | Found a runed translucent gate.
 31340 | Shoals:1 | Found an opulent altar of Gozag.
 31680 | Shoals:1 | Noticed Zigemok's ghost (journeyman SpEn)
 31683 | Shoals:1 | Found Baokh's Assorted Antiques.
 31967 | Shoals:1 | Killed Zigemok's ghost
 32068 | Shoals:1 | Bought the +3 pair of mountain boots {steadfast, rC+} for
                  | 1407 gold pieces
 32068 | Shoals:1 | Found the +3 pair of mountain boots {steadfast, rC+}
 33219 | Shoals:3 | Reached skill level 15 in Fighting
 33372 | Shoals:4 | Entered Level 4 of the Shoals
 33617 | Shoals:4 | Got a barnacled rune of Zot
 33700 | Shoals:4 | Identified the ring of Acsomp {rC+ Will+ Stlth+}
 33775 | Shoals:4 | Reached XP level 19. HP: 100/124 MP: 28/28
 33944 | Shoals:4 | Noticed Polyphemus
 33967 | Shoals:4 | Killed Polyphemus
 34034 | Shoals:4 | Got the Spellbook of Blinking Corpses
 34526 | Elf:1    | Entered Level 1 of the Elven Halls
 35315 | Elf:1    | Learned a level 3 spell: Portal Projectile
 35742 | Elf:2    | Found a runed translucent door.
 35742 | Elf:2    | Found a runed translucent door.
 35963 | Elf:2    | Noticed Zenata
 35978 | Elf:2    | Killed Zenata
 36170 | Elf:2    | Found an ancient bone altar of Kikubaaqudgha.
 36200 | Elf:2    | Found a large runed translucent door.
 36200 | Elf:2    | Found a large runed translucent door.
 36205 | Elf:2    | Noticed WhatIsLove's ghost (adept HOMo)
 36411 | Elf:2    | Killed WhatIsLove's ghost
 36502 | Elf:3    | Entered Level 3 of the Elven Halls
 37313 | Elf:3    | Reached skill level 15 in Armour
 37313 | Elf:3    | Reached XP level 20. HP: 131/131 MP: 29/29
 38052 | Elf:3    | Identified the +6 morningstar of Infinity {drain, Contam
                  | rCorr Str+3}
 38184 | Elf:3    | Identified the +0 leather armour of the Silversmith {Int+5}
 38199 | Elf:3    | Identified the staff "Jepiups" {rF+ rCorr Str+4 Fire}
 38202 | Elf:3    | Identified the staff of the Tortured God {rF+ Int-2 Dex+5
                  | Fire}
 38210 | Elf:3    | Identified the +4 pair of boots of the Three Xeniums
                  | {Dex+3}
 38216 | Elf:3    | Identified the ring "Icyugry" {Str+3 Int+6 Stlth+}
 38223 | Elf:3    | Identified the ring of Xeokku {rElec Str+2 Slay+4}
 38233 | Elf:3    | Got Performing Successful Incantation
 38237 | Elf:3    | Identified the +12 hand axe "Fuepp" {flame, +Blink Str+3}
 38565 | Vaults:1 | Entered Level 1 of the Vaults
 38950 | Vaults:1 | Found a gateway to a bazaar.
 39014 | Bazaar   | Entered a bazaar
 39030 | Bazaar   | Found Fewoyg's Assorted Antiques.
 39031 | Bazaar   | Found Paghoaq's Book Shoppe.
 39054 | Bazaar   | Bought a scroll of fog for 100 gold pieces
 39074 | Bazaar   | Found Fyileih's Book Emporium.
 39074 | Bazaar   | Found Febo's Armour Emporium.
 39168 | Vaults:1 | Reached skill level 5 in Evocations
 39380 | Vaults:1 | Identified the +1 hand axe of Discord {freeze, rCorr SInv}
 39908 | Vaults:2 | Noticed Margery
 39922 | Vaults:2 | Killed Margery
 40432 | Vaults:2 | Reached skill level 10 in Hexes
 40472 | Vaults:2 | Reached XP level 21. HP: 138/138 MP: 30/30
 41983 | Vaults:3 | Acquired 778 gold pieces
 42159 | Vaults:3 | Found a staircase to the Crypt.
 42159 | Vaults:3 | Found a basalt altar of Yredelemnul.
 42159 | Vaults:3 | Found an ancient bone altar of Kikubaaqudgha.
 42499 | Vaults:4 | Identified the ring of Fun {Wiz Int+2 Stlth+}
 42500 | Vaults:4 | Identified the ring "Apuh Ena" {rElec Will- rCorr EV+5
                  | Dex+4}
 42501 | Vaults:4 | Identified the ring of Filalun {rElec rC+ EV+5 Str+2 Dex-2}
 42623 | Vaults:4 | Identified the +1 leather armour of the Bright God {Int+3}
 42809 | Vaults:4 | Found Tidaro's Assorted Antiques.
 42817 | Vaults:4 | Bought a scroll of enchant weapon for 292 gold pieces
 42817 | Vaults:4 | Bought a scroll of blinking for 292 gold pieces
 42817 | Vaults:4 | Bought a potion of cancellation for 312 gold pieces
 43973 | Depths:2 | Found a one-way gate to the infinite horrors of the Abyss.
 43996 | Depths:2 | Found a glowing golden altar of the Shining One.
 44143 | Depths:2 | Reached XP level 22. HP: 145/145 MP: 31/31
 44329 | Depths:2 | Found a one-way gate leading to the halls of Pandemonium.
 44651 | Depths:2 | Found the +9 sword of Power {lifebolt}
 44669 | Depths:2 | Got the Handbook of the Supportive Pyre
 44916 | Depths:3 | Identified the +0 buckler "Kyiweq" {Harm *Corrode Drain
                  | Will+++}
 44987 | Depths:3 | Found a one-way gateway to a ziggurat.
 45113 | Depths:3 | Acquired 863 gold pieces
 45166 | Depths:3 | Found a transporter.
 45167 | Depths:3 | Found a transporter.
 45168 | Depths:3 | Found a viscous altar of Jiyva.
 45175 | Depths:3 | Found Xeabb's General Store.
 45182 | Depths:3 | Bought a scroll of teleportation for 48 gold pieces
 45182 | Depths:3 | Bought a potion of heal wounds for 80 gold pieces
 45182 | Depths:3 | Bought a scroll of fear for 64 gold pieces
 45260 | Depths:3 | Noticed a juggernaut
 45274 | Depths:3 | Killed a juggernaut
 45617 | Depths:3 | Found a corrupted altar of Lugonu.
 46050 | Depths:3 | Noticed a golden dragon
 46134 | Depths:3 | Killed a golden dragon
 46372 | D:10     | You paid a toll of +3 gold dragon scales to enter a
                  | treasure trove
 46373 | Trove    | Entered a treasure trove
 46404 | Trove    | Found the +6 arbalest "Damnation" {damnation}
 46424 | Trove    | Identified the +0 cloak of Pantheism {-Tele Harm rElec
                  | Int-5}
 46654 | Depths:3 | Found the +7 sceptre of Torment {pain, torment}
 46662 | Depths:3 | Found the +2 shield of Resistance {rF++ rC++ Will++}
 46777 | Depths:4 | Entered Level 4 of the Depths
 46920 | Depths:4 | Noticed a caustic shrike
 46920 | Depths:4 | Noticed a caustic shrike
 46921 | Depths:4 | Noticed a caustic shrike
 46925 | Depths:4 | Killed a caustic shrike
 46931 | Depths:4 | Killed a caustic shrike
 46931 | Depths:4 | Noticed a caustic shrike
 46932 | Depths:4 | Killed a caustic shrike
 46936 | Depths:4 | Killed a caustic shrike
 46937 | Depths:4 | Reached XP level 23. HP: 145/153 MP: 32/32
 47150 | Depths:4 | Found a gate to the Realm of Zot.
 47342 | Depths:4 | Noticed the Enchantress
 47354 | Depths:4 | Killed the Enchantress
 48949 | Vaults:5 | Entered Level 5 of the Vaults
 49252 | Vaults:5 | Identified the +7 lajatang of Quantum Leap {heavy, Int+6}
 49386 | Vaults:5 | Identified the +4 scale mail of Imperfection {rF- Int+6
                  | Dex+4}
 49540 | Vaults:5 | Reached XP level 24. HP: 160/160 MP: 32/32
 49573 | Vaults:5 | Noticed an ancient lich
 49581 | Vaults:5 | Killed an ancient lich
 49599 | Vaults:5 | Learned a level 5 spell: Silence
 49607 | Vaults:5 | Learned a level 7 spell: Enfeeble
 49679 | Vaults:5 | Noticed a dread lich
 49687 | Vaults:5 | Killed a dread lich
 49688 | Vaults:5 | Noticed an ancient lich
 49707 | Vaults:5 | Killed an ancient lich
 50114 | Vaults:5 | Got a silver rune of Zot
 50227 | Vaults:5 | Identified the +4 shortbow of the Floral God {antimagic,
                  | *Slow rElec Will+++ SInv}
 50470 | Vaults:5 | Reached skill level 15 in Hexes
 50490 | Vaults:5 | Identified the +1 hand axe of the Valley of Death {vamp,
                  | rN+ MP+9}
 50575 | Vaults:5 | Got the Codex of Wintry Accompaniment
 50748 | Vaults:5 | Got the Parchment of Apparitions and Necromancy
 50751 | Vaults:5 | Got the Information on Brumal Ceraunoscopy
 51182 | Zot:1    | Entered Level 1 of the Realm of Zot
 51283 | Zot:1    | Found the +4 dragonskin cloak
 51283 | Zot:1    | Noticed Tiamat
 51465 | Zot:1    | Killed Tiamat
 51580 | Zot:1    | Identified the +5 scimitar "Rytymp" {freeze, *Rage Int+5
                  | Stlth+}
 51672 | Zot:1    | Identified the amulet of Veosoeze {RegenMP Dex+5}
 51736 | Zot:1    | Reached skill level 5 in Spellcasting
 51742 | Zot:1    | Identified the +1 mace of Okawaru's Reproof {heavy, rN+
                  | Str+4 Stlth+}
 52213 | Zot:2    | Reached skill level 27 in Ranged Weapons
 53129 | Zot:3    | Reached XP level 25. HP: 163/168 MP: 36/36
 53183 | Zot:3    | Noticed Vv
 53192 | Zot:3    | Killed Vv
 54150 | Zot:4    | Identified the +4 scale mail of Nythrosu {rElec rF+}
 54178 | Zot:4    | Noticed an orb of fire
 54179 | Zot:4    | Gained mutation: You are frail. (-10% HP) [an orb of fire]
 54184 | Zot:4    | Gained mutation: You are very frail. (-20% HP) [an orb of
                  | fire]
 54185 | Zot:4    | Gained mutation: You are partially covered in iridescent
                  | scales. (AC +2) [an orb of fire]
 54189 | Zot:4    | Killed an orb of fire
 54190 | Zot:4    | Lost mutation: You are partially covered in iridescent
                  | scales. (AC +2) [potion of mutation]
 54190 | Zot:4    | Lost mutation: You are very frail. (-20% HP) [potion of
                  | mutation]
 54190 | Zot:4    | Lost mutation: You are frail. (-10% HP) [potion of
                  | mutation]
 54190 | Zot:4    | Gained mutation: Your muscles are strong. (Str +4, Int/Dex
                  | -1) [potion of mutation]
 54190 | Zot:4    | Gained mutation: Armour fits poorly on your strangely
                  | shaped body. [potion of mutation]
 54190 | Zot:4    | Gained mutation: You have hidden genetic defects. [potion
                  | of mutation]
 54191 | Zot:4    | Lost mutation: Armour fits poorly on your strangely shaped
                  | body. [potion of mutation]
 54191 | Zot:4    | Lost mutation: Your muscles are strong. (Str +4, Int/Dex
                  | -1) [potion of mutation]
 54191 | Zot:4    | Lost mutation: You have hidden genetic defects. [potion of
                  | mutation]
 54191 | Zot:4    | Gained mutation: You are covered in fur. (AC +1) [potion of
                  | mutation]
 54191 | Zot:4    | Gained mutation: You are partially covered in iridescent
                  | scales. (AC +2) [potion of mutation]
 54191 | Zot:4    | Gained mutation: You have an increased reservoir of magic.
                  | (+10% MP) [potion of mutation]
 54237 | Zot:4    | Identified the +8 shortbow of the Thieving Gods {drain,
                  | rPois rF- Str-4 Dex+5}
 54325 | Zot:4    | Reached skill level 10 in Spellcasting
 54794 | Zot:5    | Entered Level 5 of the Realm of Zot
 55305 | Zot:5    | Noticed a dread lich
 55309 | Zot:5    | Killed a dread lich
 55314 | Zot:5    | Noticed a dread lich
 55324 | Zot:5    | Killed a dread lich
 55328 | Zot:5    | Noticed a Killer Klown
 55331 | Zot:5    | Noticed an orb of fire
 55431 | Zot:5    | Killed a Killer Klown
 55432 | Zot:5    | Noticed an orb of fire
 55436 | Zot:5    | Killed an orb of fire
 55600 | Zot:5    | Noticed a dread lich
 55605 | Zot:5    | Killed a dread lich
 55639 | Zot:5    | Noticed a Killer Klown
 55642 | Zot:5    | Killed a Killer Klown
 55869 | Zot:5    | Noticed an ancient lich
 55876 | Zot:5    | Killed an ancient lich
 55882 | Zot:5    | Gained mutation: You are strong-willed. (Will+) [an orb of
                  | fire]
 55883 | Zot:5    | Killed an orb of fire
 55944 | Zot:5    | Noticed an orb of fire
 55952 | Zot:5    | Killed an orb of fire
 55987 | Zot:5    | Noticed an orb of fire
 55993 | Zot:5    | Killed an orb of fire
 55994 | Zot:5    | Reached skill level 27 in Dodging
 56050 | Zot:5    | Noticed a dread lich
 56062 | Zot:5    | Reached XP level 26. HP: 176/176 MP: 42/42
 56303 | Zot:5    | Noticed an orb of fire
 56307 | Zot:5    | Gained mutation: You occasionally lose the ability to drink
                  | potions when taking damage. [an orb of fire]
 56308 | Zot:5    | Gained mutation: Your flesh is heat resistant. (rF+) [an
                  | orb of fire]
 56309 | Zot:5    | Gained mutation: You have hidden genetic defects. [an orb
                  | of fire]
 56312 | Zot:5    | Killed an orb of fire
 56409 | Zot:5    | Noticed an orb of fire
 56416 | Zot:5    | Killed an orb of fire
 56416 | Zot:5    | Noticed an orb of fire
 56420 | Zot:5    | Killed an orb of fire
 56552 | Zot:5    | Killed a dread lich
 56669 | Zot:5    | Got the Orb of Zot
 56743 | Zot:4    | Gained mutation: You are weak. (Str -2) [hidden defects]
 57074 | D:10     | Noticed Enoude the pandemonium lord
 57078 | D:10     | Killed Enoude the pandemonium lord
 57219 | D:3      | Noticed Ifidgh the pandemonium lord
 57231 | D:2      | Gained mutation: You are occasionally teleported next to
                  | monsters. [a cacodemon]
 57237 | D:2      | Lost mutation: You have hidden genetic defects. [potion of
                  | mutation]
 57237 | D:2      | Lost mutation: You are occasionally teleported next to
                  | monsters. [potion of mutation]
 57237 | D:2      | Lost mutation: You are partially covered in iridescent
                  | scales. (AC +2) [potion of mutation]
 57237 | D:2      | Gained mutation: Potions are less effective at restoring
                  | your health. [potion of mutation]
 57237 | D:2      | Gained mutation: You occasionally lose the ability to read
                  | scrolls when taking damage. [potion of mutation]
 57237 | D:2      | Gained mutation: You are partially covered in iridescent
                  | scales. (AC +2) [potion of mutation]
 57238 | D:2      | Lost mutation: You are covered in fur. (AC +1) [potion of
                  | mutation]
 57238 | D:2      | Lost mutation: You are strong-willed. (Will+) [potion of
                  | mutation]
 57238 | D:2      | Gained mutation: You possess an exceptional clarity of
                  | mind. [potion of mutation]
 57238 | D:2      | Gained mutation: You sometimes lose the ability to drink
                  | potions when taking damage. [potion of mutation]
 57238 | D:2      | Gained mutation: You have a somewhat thin skeletal
                  | structure. (Dex +2, Stealth+) [potion of mutation]
 57286 | D:$      | Escaped with the Orb!

Illustrated notes

Levels and vault maps discovered:
D:1:      grunt_arrival_lava_bath, layout_basic,
          chequers_ecumenical_altar_simple_redux
D:2:      layout_basic, serial_co_window_serial, co_window_corner_a,
          co_window_of_opportunity_a, co_window_paths_a, co_window_paths_a,
          co_window_paths_a, co_window_of_opportunity_a, co_window_paths_b,
          co_window_cross_2, co_window_2corner, co_window_paths_c,
          co_window_sun, co_window_paths_d, glass_columns_a, glass_columns_a,
          glass_columns_a, glass_columns_b, glass_columns_b, grunt_ministairs_15
D:3:      layout_basic, led_sif_book, okawaru_gym_becter, minmay_checkerbox,
          uniq_sigmund
D:4:      layout_basic, serial_shops, nicolae_shop_peninsula,
          ebering_ghost_disaster_area
D:5:      gammafunk_steamed_eel, layout_cave_pools, trog_book,
          minmay_chambers_of_fives
D:6:      layout_loops_cross, dk_yredelemnul_ordeal, temple_fountains,
          uniq_blork_the_orc
D:7:      layout_loops_ring, enter_bailey_3, uniq_joseph
D:8:      layout_loops_corners, grunt_lair_entry_orc_guard_hut
D:9:      layout_irregular_city, lemuel_doored_altar,
          kennysheep_orc_monster_closet_entryway, nicolae_wwwww,
          kennysheep_generic_room_16
D:10:     layout_rooms, mainiacjoe_overflow_24_doors, enter_trove_2
D:11:     layout_roguey [special_room_orc], uniq_josephine
D:12:     layout_loops_ring, gauntlet_entry_generic, special_room
          [special_room_bee], gammafunk_ghost_icy
D:13:     layout_small_grid, david_vaults_1
D:14:     layout_loops_ring, dk_noncrumbling_4, drop_trap
D:15:     hangedman_depths_entry_civil_slaughter, layout_stronghold,
          serial_glass, glass_columns_b, glass_columns_a, glass_columns_c,
          glass_columns_b, glass_columns_a, glass_columns_b, serial_shops,
          bzr_entry_safe, minivault_15, uniq_roxanne
Temple:   compressed_dpeg_triangle_lava_temple
Lair:1:   layout_misc_corridors, chequers_serial_rivers_micro_b
Lair:2:   layout_gridlike, elwin_shoals_entry_stream,
          nicolae_spider_entry_orb_guardian
Lair:3:   layout_roguey, uniq_gastronok
Lair:4:   layout_layer_cave, chequers_serial_rivers_micro_b, grunt_megastairs_2
Lair:5:   guppyfry_lair_end_dragon, layout_small_grid, slime_entry_1
Shoals:1: layout_shoals, ebering_ghost_gozag
Shoals:2: layout_shoals
Shoals:3: layout_shoals, nicolae_shoals_drake_roost
Shoals:4: shoals_end_simple, layout_shoals, uniq_polyphemus
Spider:1: layout_spider_delve, nicolae_spider_webs_and_nodes, uniq_donald
Spider:2: layout_spider_delve, portal_ice_cave_entry_pillars_2
Spider:3: layout_spider_delve
Spider:4: grunt_spider_rune_parallel, nicolae_spider_bzzzt
Orc:1:    giant_chief_lemuel, layout_caves, serial_shops, shop
Orc:2:    st_orc_elflike, layout_caves, serial_shops, shop
Elf:1:    layout_gridlike, hangedman_corner_corridor, minmay_misc_feat_five
Elf:2:    elven_hall_of_blades_hangedman_original
          [nicolae_blade_entry_splitting_headache], layout_gridlike,
          ebering_ghost_disaster_area, basic_altar, uniq_zenata
Elf:3:    elf_hall, layout_geoelf_diagonals, serial_corexii_hall,
          chequers_hall_statues_wall_a, corexii_hall_statues_u,
          corexii_hall_statues_l, corexii_hall_statues_s
Vaults:1: nicolae_vaults_trapezoid_layered, v_misc_11, v_misc_1, st_more_cells,
          ontoclasm_vaults_pinch, v_alt_pattern_6, v_misc_29,
          nicolae_vaults_little_squares_4, nicolae_vaults_sightless_eye,
          v_alt_pattern_6, nicolae_vaults_tetromino_L_1,
          nicolae_vaults_tetromino_T_2, layout_vaults_maze_snakey, serial_shops,
          statue_bzr
Vaults:2: vaults_room_pools, vaults_dpeg_ring, nicolae_vaults_yaktaur_gun_rack,
          nicolae_vaults_steering_wheel, v_pattern_1,
          nicolae_vaults_wine_cellar, nicolae_vaults_what_the_h,
          nicolae_vaults_network_periphery, vaults_dpeg_encased_lava,
          nicolae_vaults_cochlea, v_misc_23, ontoclasm_vaults_shout,
          vaults_room_pools, vaults_room_pool, layout_vaults_ring, uniq_margery
Vaults:3: nicolae_vaults_alarming, v_misc_15, nicolae_vaults_network_s,
          minmay_crypt_entry_necro_gods, nicolae_vaults_network_barrier,
          nicolae_vaults_door_testing_chamber, ontoclasm_vaults_ring_large,
          nicolae_vaults_surprise_closet, v_misc_23,
          nicolae_vaults_trapezoid_lopsided_3, layout_vaults_omnigrid
Vaults:4: hangedman_vaults_maws, vaults_dpeg_doors, v_misc_1,
          vaults_dpeg_diagonal, nicolae_vaults_shrinking_rooms_2,
          nicolae_vaults_storing_the_good_stuff,
          nicolae_vaults_closet_pinwheel_4, grunt_vaults_twisty,
          hangedman_vaults_restitches, vaults_mumra_chevron,
          nicolae_vaults_cochlea, nicolae_vaults_tetromino_L_2,
          layout_vaults_big_cross, serial_shops, shop
Vaults:5
Depths:1: layout_honeycomb, minmay_misc_feat_hallway, hell_entry,
          nicolae_water_bricks, hangedman_abyss_or_decor_stagger,
          minmay_protected_statue, nicolae_triple_integral
Depths:2: kennysheep_windowed_halls, layout_gridville, tso_metal_star,
          pan_entry, pf_dread_powers_of_hell, abyss_entry_small_statue_room,
          serial_sigils_hangedman_confine, minmay_misc_feat_plants,
          serial_bayou_shore_b
Depths:3: gammafunk_jiyva_shrine, layout_basic, enter_ziggurat_c, serial_shops,
          shop, abyss_entry_flame_altar, hellmouth_2,
          hangedman_abyss_or_decor_lesser_grid, grunt_ministairs_9,
          serial_sigils_hangedman_writhe
Depths:4: grunt_runaround [grunt_runaround_doors_1, grunt_runaround_doors_2,
          grunt_runaround_doors_3, grunt_runaround_doors_4,
          grunt_runaround_zot], hell_entry, serial_shops, uniq_enchantress
Zot:1:    layout_misc_corridors, st_large_dragon_hoard_1, uniq_tiamat
Zot:2:    layout_onion_interference, hangedman_zot_gyre
Zot:3:    layout_gridlike, grunt_megastairs_5, uniq_vv
Zot:4:    layout_basic
Zot:5:    layout_basic

Skill      XL: |  1  2  3  4  5  6  7  8  9 10 11 12 13 14 15 16 17 18 19 20 21 22 23 24 25 26 |
---------------+-------------------------------------------------------------------------------+-----
Ranged Weapons | 3 4 5 6 8 10 12 14 16 18 20 21 22 23 26 27 | 27.0
Fighting       | 1 2 4 5 6 7 9 10 11 12 13 14 15 16 17 18 19 20 21 | 21.3
Stealth        | 1 2 4 5 7 8 |  8.0
Dodging        | 3 4 6 8 9 11 13 15 17 18 19 20 21 22 23 24 25 27 | 27.0
Spellcasting   | 2 3 7 10 | 10.0
Hexes          | 6 7 10 12 14 15 | 15.0
Fire Magic     | 1 |  1.0
Invocations    | 4 7 8 9 10 | 10.0
Translocations | 1 2 |  2.0
Ice Magic      | 2 |  2.0
Armour         | 3 7 9 11 13 15 16 17 18 19 | 19.3
Evocations     | 2 4 5 8 |  8.0

Action                     |  1- 3 |  4- 6 |  7- 9 | 10-12 | 13-15 | 16-18 | 19-21 | 22-24 | 25-27 || total
---------------------------+-------+-------+-------+-------+-------+-------+-------+-------+-------++-------
  Melee: Dagger            |       |    37 |     1 |       |       |       |       |       |       ||    38
         Orcbow            |       |       |       |       |       |     1 |       |       |       ||     1
         Unarmed           |       |       |       |       |       |       |       |       |     1 ||     1
   Fire: Sling             |   109 |   319 |   233 |       |       |       |       |       |       ||   661
         Orcbow            |       |       |    65 |   666 |  1363 |  1531 |  1654 |   746 |    30 ||  6055
         Arbalest          |       |       |       |       |       |       |       |   114 |    87 ||   201
         Triple crossbow   |       |       |       |       |       |       |       |   634 |   360 ||   994
   Cast: Slow              |    24 |    48 |    54 |     4 |       |       |       |       |       ||   130
         Inner Flame       |       |     2 |    42 |    37 |    34 |    14 |     1 |       |       ||   130
         Cause Fear        |       |     2 |     1 |    25 |    31 |     6 |     3 |       |       ||    68
         Blink             |       |       |       |       |       |     1 |       |       |       ||     1
         Ozocubu's Armour  |       |       |       |       |       |     1 |       |     1 |       ||     2
         Portal Projectile |       |       |       |       |       |       |     3 |       |     1 ||     4
         Silence           |       |       |       |       |       |       |       |     1 |       ||     1
 Invoke: Slouch            |       |       |       |       |     7 |     5 |       |     4 |       ||    16
         Bend Time         |       |       |       |       |       |     1 |       |       |       ||     1
  Evoke: Wand              |       |     1 |     6 |     3 |    18 |     9 |       |     9 |       ||    46
         Lightning rod     |       |       |       |       |    11 |    10 |    10 |    14 |     6 ||    51
         Condenser vane    |       |       |       |       |     2 |     4 |     3 |     3 |     2 ||    14
         Phial of floods   |       |       |       |       |       |       |       |     2 |       ||     2
    Use: Scroll            |       |     8 |     5 |     3 |    20 |    12 |     6 |    15 |     8 ||    77
         Potion            |       |       |       |       |     4 |     8 |     1 |     3 |     9 ||    25
   Stab: Sleeping          |       |       |     1 |       |       |       |       |       |       ||     1
 Armour: Robe              |     5 |    45 |    20 |    14 |     4 |       |       |       |       ||    88
         Fire dragon scale |       |       |       |       |    72 |   210 |    97 |   116 |    41 ||   536
  Dodge: Dodged            |    28 |   133 |    61 |   227 |   597 |  1361 |   962 |  1254 |   370 ||  4993
         Repelled          |       |       |       |       |       |     3 |    12 |    18 |       ||    33

Table legend: (Time is in decaauts)
 A = Elapsed time spent in this place.
 B = Non-inter-level travel time spent in this place.
 C = Inter-level travel time spent in this place.
 D = Time resting spent in this place.
 E = Time spent auto-exploring this place.
 F = Levels seen in this place.
 G = Mean time per level.
                   A        B        C        D        E       F      G
               +--------+--------+--------+--------+--------+-----+--------+
         Total |  88749 |  76984 |  11765 |   4145 |  53372 |  54 | 1643.5 |
       Dungeon |  23299 |  18699 |   4600 |    981 |  13097 |  15 | 1553.3 |
        Temple |     34 |     21 |     13 |      0 |      0 |   1 |   34.0 |
          Lair |   9690 |   8817 |    873 |    743 |   6193 |   5 | 1938.0 |
        Shoals |   5428 |   5008 |    420 |    115 |   3769 |   4 | 1357.0 |
   Spider Nest |   5374 |   5043 |    331 |    293 |   3465 |   4 | 1343.5 |
  Orcish Mines |   4068 |   3620 |    448 |    160 |   2601 |   2 | 2034.0 |
   Elven Halls |   6274 |   5576 |    698 |    637 |   4061 |   3 | 2091.3 |
        Vaults |  13049 |  10627 |   2422 |     38 |   7307 |   5 | 2609.8 |
        Depths |   9543 |   8235 |   1308 |    279 |   6109 |   4 | 2385.8 |
           Zot |   8560 |   7910 |    650 |    810 |   5451 |   5 | 1712.0 |
        Bazaar |    474 |    474 |      0 |      0 |    187 |   2 |  237.0 |
         Trove |    118 |    118 |      0 |      0 |      9 |   1 |  118.0 |
        Bailey |    506 |    506 |      0 |     52 |    270 |   1 |  506.0 |
      Ice Cave |   1017 |   1017 |      0 |      0 |    682 |   1 | 1017.0 |
      Gauntlet |   1308 |   1308 |      0 |     33 |    167 |   1 | 1308.0 |
               +--------+--------+--------+--------+--------+-----+--------+

Top non-repeatable levels by time:
Vaults:5: 3237 daAuts
Vaults:3: 2775 daAuts
   Elf:3: 2673 daAuts
Depths:3: 2652 daAuts
   Zot:5: 2510 daAuts
Depths:4: 2469 daAuts
    D:15: 2466 daAuts
Vaults:1: 2431 daAuts
Vaults:2: 2384 daAuts
Depths:1: 2279 daAuts
     D:8: 2277 daAuts
Vaults:4: 2221 daAuts
   Orc:1: 2213 daAuts
Depths:2: 2142 daAuts
  Lair:2: 2078 daAuts
